 Dungeon Crawl Stone Soup version 0.29-a0-892-g2c4c91d9db (webtiles) character file.

Game seed: 13699566570744993568

140 BritishOli the Slasher (level 5, -2/41 HPs)
             Began as a Demonspawn Gladiator on July 22, 2022.
             Slain by Sigmund
             ... wielding a +0 scythe
              (9 damage)
             ... on level 3 of the Dungeon.
             The game lasted 00:03:32 (2846 turns).

BritishOli the Slasher (Demonspawn Gladiator)       Turns: 2846, Time: 00:03:33

Health: -2/41      AC:  8    Str: 16    XL:     5   Next: 2%
Magic:  5/5        EV: 10    Int: 10    God:
Gold:   79         SH:  0    Dex: 14    Spells: 4/4 levels left

rFire   . . .      SeeInvis .   m - +2 short sword (speed)
rCold   . . .      Faith    .   (no shield)
rNeg    . . .      Spirit   .   p - +0 scale mail
rPois   .          Reflect  .   c - +0 helmet
rElec   .          Harm     .   (no cloak)
rCorr   .          Rampage  .   (no gloves)
Will    .....                   q - +0 pair of boots
Stlth   ..........              (no amulet)
HPRegen 0.13/turn               (no ring)
MPRegen 0.09/turn               (no ring)

@: no status effects
A: icemail 1, condensation shield, demonic touch 1
a: no special abilities


You were on level 3 of the Dungeon.
You visited 1 branch of the dungeon, and saw 3 of its levels.

You collected 79 gold pieces.

Inventory:

Hand Weapons
 a - a +0 long sword
 m - a +2 short sword of speed (weapon)
Missiles
 d - 3 throwing nets (quivered)
 e - 4 javelins
Armour
 c - a +0 helmet (worn)
 p - a +0 scale mail (worn)
 q - a +0 pair of boots (worn)
Jewellery
 u - a ring of wizardry
Wands
 n - a wand of acid (8)
 v - a wand of flame (11)
Scrolls
 f - a scroll of brand weapon {unknown}
 g - 3 scrolls of teleportation {unknown}
 h - a scroll of vulnerability {unknown}
 j - a scroll of amnesia {unknown}
 r - a scroll of fear {unknown}
 t - a scroll of identify {unknown}
Potions
 b - a potion of lignification {unknown}
 i - a potion of berserk rage {unknown}
 k - a potion of might {unknown}
 l - a potion of magic {unknown}
 o - a potion of haste {unknown}
 s - a potion of resistance {unknown}
 w - a potion of curing {unknown}


   Skills:
 + Level 3.0 Fighting
 + Level 3.4 Long Blades
 + Level 2.8 Throwing
 + Level 3.4 Dodging


You had 4 spell levels left.
You didn't know any spells.
Your spell library contained the following spells:

 Spells                   Type           Power      Damage    Failure   Level
 Magic Dart               Conj           0%         1d3       82%         1
 Call Imp                 Summ           0%         N/A       91%         2
 Mephitic Cloud           Conj/Pois/Air  0%         N/A       99%         3


Dungeon Overview and Level Annotations

Branches:
Dungeon (3/15)

Altars:
Dithmenos
Ru

Shops:
D:2 *

Annotations:
D:3 Sigmund


Innate Abilities, Weirdness & Mutations

A meltable icy envelope protects you from harm. (AC +0)
A meltable shield of frost defends you. (SH +0)
Your touch may inflict minor irresistible damage on your foes.


Message History

You are too confused!
You bump into the rock wall.
Sigmund gestures at you while chanting. The puff of flame hits you!
Your icy defenses dissipate!
You bump into the rock wall.
Sigmund hits you but does no damage.
You hit Sigmund. Your touch misses Sigmund.
Sigmund is lightly wounded.
You're too confused to move!
Sigmund closely misses you.
You bump into the rock wall.
Sigmund casts a spell at you.
You are more confused.
You hit Sigmund but do no damage.
Sigmund is lightly wounded.
You're too confused to move!
Sigmund points at you and mumbles some strange words.
You resist with some effort.
You bump into the rock wall.
Sigmund closely misses you.
You bump into the rock wall.
Sigmund laughs darkly.
Sigmund casts a spell.
Sigmund flickers and vanishes!
Deactivating autopickup; reactivate with Ctrl-A.
You miss something. Your punch misses something.
Something hits you but does no damage.
You barely miss something.
You bump into the rock wall.
Something hits you.
You hit something. Your touch misses something. You closely miss something.
Your touch misses something.
You bump into the rock wall.
Something hits you!
You're too confused to move!
You feel less confused. Something hits you!
* * * LOW HITPOINT WARNING * * *
You hit something. You hit something. Something hits you.
* * * LOW HITPOINT WARNING * * *
You closely miss something. Your touch misses something.
You barely miss something.
You touch something.
Something hits you!
You die...

...#
#.......................##..
...#
#.....#################.#.#.
...# #.....#
#...............#. ...#
#.....# #.###########.#.#.
...# #.....# #.#.......#
#.##.. #### #######
#.#.#####.# #..###
#:#.....#.# #.....
#†#.#.#.#.###.....
#@#.#.#....##.....
#{#.#.#....##.....
#.#.#.#....##.....
#.#.#.#)...######'
..#.....#.## #. #########
#####.###.# #.
........############.#
#.#######.
#######...........##.#
#.........
#################.##.#
#########.


There were no monsters in sight!

Vanquished Creatures
  Natasha (D:3)
  Ijyb (D:3)
  An orc wizard (D:3)
  An adder (D:3)
  2 worms
  3 endoplasms
  2 giant cockroaches
  4 goblins
  3 hobgoblins (D:2)
  2 jackals (D:2)
  6 quokkas
  3 ball pythons
  8 bats
  3 frilled lizards
  7 kobolds
  5 rats
52 creatures vanquished.

Notes
Turn   | Place    | Note
-------+----------+-------------------------------------------
     0 | D:1      | BritishOli the Demonspawn Gladiator began the quest for the
                  | Orb.
     0 | D:1      | Reached XP level 1. HP: 16/16 MP: 1/1
   349 | D:1      | Found a faded altar of an unknown god.
   595 | D:1      | Gained mutation: A meltable shield of frost defends you.
                  | (SH +0) [demonic ancestry]
   595 | D:1      | Reached XP level 2. HP: 7/22 MP: 2/2
  1148 | D:2      | Found Enko's Assorted Antiques.
  1499 | D:2      | Gained mutation: Your touch may inflict minor irresistible
                  | damage on your foes. [demonic ancestry]
  1499 | D:2      | Reached XP level 3. HP: 28/28 MP: 3/3
  2009 | D:3      | Identified the +1 cloak of Dyspraxia {rN++ Regen+ Slay+3}
  2018 | D:3      | Found a shadowy altar of Dithmenos.
  2262 | D:3      | Found a sacrificial altar of Ru.
  2272 | D:3      | Reached XP level 4. HP: 29/34 MP: 4/4
  2421 | D:3      | Noticed Ijyb
  2436 | D:3      | Killed Ijyb
  2622 | D:3      | Noticed Natasha
  2633 | D:3      | Killed Natasha
  2634 | D:3      | Gained mutation: A meltable icy envelope protects you from
                  | harm. (AC +0) [demonic ancestry]
  2634 | D:3      | Reached XP level 5. HP: 33/41 MP: 5/5
  2820 | D:3      | Noticed Sigmund
  2846 | D:3      | Slain by Sigmund

Illustrated notes

Levels and vault maps discovered:
D:1:      heliophobic_arrival_ceremonial_halls, layout_rooms,
          ebering_ecumenical_altar_abandoned, nicolae_wormholes
D:2:      layout_loops_ring, serial_shops, shop
D:3:      layout_basic, nicolae_ru_great_annihilating_truth,
          lemuel_doored_altar, minmay_checkerbox, uniq_sigmund, uniq_ijyb,
          uniq_natasha

Skill      XL: |  1  2  3  4 |
---------------+-------------+-----
Throwing       | 2 |  2.8
Dodging        | 3 |  3.4
Long Blades    | 3 |  3.4
Fighting       | 3 |  3.0

Action                   |  1- 3 |  4- 6 || total
-------------------------+-------+-------++-------
Melee: Long sword        |    44 |       ||    44
       Short sword       |    84 |    44 ||   128
       Touch             |    10 |     6 ||    16
       Punch             |       |     1 ||     1
 Stab: Sleeping          |     1 |       ||     1
       Paralysed         |       |     1 ||     1
Armor: Leather armour    |    16 |       ||    16
       Scale mail        |    19 |    10 ||    29
Dodge: Dodged            |    69 |     6 ||    75
Block: Other             |    16 |     5 ||    21

Table legend: (Time is in decaauts)
 A = Elapsed time spent in this place.
 B = Non-inter-level travel time spent in this place.
 C = Inter-level travel time spent in this place.
 D = Time resting spent in this place.
 E = Time spent auto-exploring this place.
 F = Levels seen in this place.
 G = Mean time per level.
                   A        B        C        D        E       F      G
               +--------+--------+--------+--------+--------+-----+--------+
         Total |   2814 |   2692 |    122 |    260 |   2080 |   3 |  938.0 |
       Dungeon |   2814 |   2692 |    122 |    260 |   2080 |   3 |  938.0 |
               +--------+--------+--------+--------+--------+-----+--------+

Top non-repeatable levels by time:
     D:1: 1126 daAuts
     D:3: 875 daAuts
     D:2: 811 daAuts
